 Dungeon Crawl Stone Soup version 0.29-a0-323-g050149af67 (webtiles) character file.

Game seed: 2382195987968368280

12 Jortsu the Skirmisher (level 2, -2/27 HPs)
             Began as a Hill Orc Fighter on Apr 10, 2022.
             Frozen to death by an endoplasm (4 damage)
             ... on level 1 of the Dungeon.
             The game lasted 00:00:25 (71 turns).

Jortsu the Skirmisher (Hill Orc Fighter)              Turns: 71, Time: 00:00:25

Health: -2/27      AC:  6    Str: 18    XL:     2   Next: 33%
Magic:  2/2        EV:  9    Int:  8    God:
Gold:   0          SH:  4    Dex: 10    Spells: 1/1 levels left

rFire   . . .      SeeInvis .   a - +0 war axe
rCold   . . .      Faith    .   c - +0 buckler
rNeg    . . .      Spirit   .   b - +0 scale mail
rPois   .          Reflect  .   (no helmet)
rElec   .          Harm     .   (no cloak)
rCorr   .          Rampage  .   (no gloves)
Will    .....                   (no boots)
Stlth   ..........              (no amulet)
HPRegen 0.09/turn               (no ring)
MPRegen 0.08/turn               (no ring)

@: no status effects
A: no striking features
a: no special abilities


You were on level 1 of the Dungeon.
You visited 1 branch of the dungeon, and saw 1 of its levels.

Inventory:

Hand Weapons
 a - a +0 war axe (weapon)
Armour
 b - a +0 scale mail (worn)
 c - a +0 buckler (worn)
Potions
 d - a potion of might


   Skills:
 + Level 3.9 Fighting
 + Level 3.0 Axes
 + Level 3.5 Armour
 + Level 3.4 Shields


You had one spell level left.
You didn't know any spells.
Your spell library was empty.

Dungeon Overview and Level Annotations

Branches:
Dungeon (1/15)

Altars:


Message History

The endoplasm hits you.
* * * LOW HITPOINT WARNING * * *
You hit the endoplasm.
The endoplasm is severely wounded.
The endoplasm closely misses you. x2
You slash the endoplasm!
You kill the endoplasm!
You block the giant cockroach's attack.
You closely miss the giant cockroach. You block the giant cockroach's attack.
The giant cockroach barely misses you.
You barely miss the giant cockroach. The giant cockroach bites you.
* * * LOW HITPOINT WARNING * * *
You barely miss the giant cockroach.
You block the giant cockroach's attack. x2
You slash the giant cockroach!
You kill the giant cockroach!
The giant cockroach bites you but does no damage.
You hit the giant cockroach.
The giant cockroach is severely wounded.
The giant cockroach barely misses you.
The giant cockroach bites you but does no damage.
The endoplasm quivers.
You hit the giant cockroach.
You kill the giant cockroach!
You block the endoplasm's attack.
You hit the endoplasm.
The endoplasm is severely wounded.
You block the endoplasm's attack.
You barely miss the endoplasm.
The endoplasm is severely wounded.
The endoplasm barely misses you.
You slash the endoplasm!
You kill the endoplasm!
The endoplasm hits you but does no damage.
Your Axes skill increases to level 3!
You barely miss the endoplasm. The endoplasm barely misses you.
You hit the endoplasm.
The endoplasm is heavily wounded.
The endoplasm freezes you.
You are frozen.
You die...

.. .#. #...
########### ...
#......... ..#
#.####.##.##?###.###
#...@J.............#
#..###+#######B###.#
#. #..⌠)..>...⌠..# #
#......<......#
+⌠....###J...⌠+
#.............#
#######B#######
...JBB. .......J.r


You could see an endoplasm.

Vanquished Creatures
  2 endoplasms (D:1)
  3 giant cockroaches (D:1)
  4 jackals (D:1)
9 creatures vanquished.

Notes
Turn   | Place    | Note
-------+----------+-------------------------------------------
     0 | D:1      | Jortsu the Hill Orc Fighter began the quest for the Orb.
     0 | D:1      | Reached XP level 1. HP: 19/19 MP: 1/1
     1 | D:1      | Found a runed translucent door.
     2 | D:1      | Noticed a jelly
    58 | D:1      | Reached XP level 2. HP: 3/27 MP: 2/2
    62 | D:1      | HP: 1/27 [giant cockroach (1)]
    71 | D:1      | Frozen to death by an endoplasm

Illustrated notes

Levels and vault maps discovered:
D:1:      dpeg_arrival_caged_fury, layout_rooms, st_stairs_3

Skill      XL: |  1  2 |
---------------+-------+-----
Axes           | 3 |  3.0
Fighting       | |  3.9
Armour         | |  3.5
Shields        | |  3.4

Action                   || total
-------------------------++-------
Melee: War axe           ||    43
Armor: Scale mail        ||    22
Dodge: Dodged            ||    34
Block: Buckler           ||    14

Table legend: (Time is in decaauts)
 A = Elapsed time spent in this place.
 B = Non-inter-level travel time spent in this place.
 C = Inter-level travel time spent in this place.
 D = Time resting spent in this place.
 E = Time spent auto-exploring this place.
 F = Levels seen in this place.
 G = Mean time per level.
                   A        B        C        D        E       F      G
               +--------+--------+--------+--------+--------+-----+--------+
         Total |     88 |     88 |      0 |      0 |      1 |   1 |   88.0 |
       Dungeon |     88 |     88 |      0 |      0 |      1 |   1 |   88.0 |
               +--------+--------+--------+--------+--------+-----+--------+

Top non-repeatable levels by time:
     D:1: 88 daAuts
